 Dungeon Crawl Stone Soup version 0.23-a0-436-g57debff (webtiles) character file.

128 kidcy the Skirmisher (level 5, -2/42 HPs)
             Began as a Formicid Abyssal Knight on Nov 16, 2018.
             Was a Believer of Lugonu.
             Slain by a killer bee (3 damage)
             ... on level 9 of the Dungeon.
             The game lasted 00:06:01 (3544 turns).

kidcy the Skirmisher (Formicid Abyssal Knight)      Turns: 3544, Time: 00:06:02

Health: -2/42      AC:  4    Str: 18    XL:     5   Next: 33%
Magic:  7/7        EV: 11    Int: 11    God:    Lugonu [**....]
Gold:   215        SH:  0    Dex: 10    Spells: 4/4 levels left

rFire    . . .     SeeInvis +   a - +1 falchion
rCold    . . .     Gourm    .   (no shield)
rNeg     . . .     Faith    .   b - +0 leather armour
rPois    .         Spirit   .   (helmet unavailable)
rElec    .         Reflect  .   k - +0 cloak (curse)
rCorr    .         Harm     .   (no gloves)
MR       .....                  (no boots)
Stlth    +.........             (no amulet)
HPRegen  0.14/turn              (no ring)
MPRegen  0.10/turn              (no ring)

@: lethally poisoned (-2 -> -12)
A: permanent stasis, dig shafts and tunnels, four strong arms, antennae 3
a: Dig, Shaft Self, Depart the Abyss, Bend Space, Renounce Religion


You were on level 9 of the Dungeon.
You worshipped Lugonu.
Lugonu was pleased with you.
You were not hungry.

You visited 1 branch of the dungeon, and saw 6 of its levels.
You visited the Abyss 1 time.

You collected 215 gold pieces.

Inventory:

Hand Weapons
 a - a +1 falchion (weapon)
Armour
 b - a +0 leather armour (worn)
 k - a cursed +0 cloak (worn)
Jewellery
 h - an uncursed ring of magical power {unknown}
 q - a +4 ring of strength {unknown}
 s - an uncursed amulet of the gourmand {unknown}
Wands
 l - a wand of enslavement (4)
Scrolls
 e - 2 scrolls of amnesia {unknown}
 f - a scroll of noise {unknown}
 g - a scroll of identify {unknown}
 m - a scroll of immolation {unknown}
 r - a scroll of fog {unknown}
 t - a scroll of enchant armour {unknown}
 u - a scroll of remove curse {unknown}
Potions
 d - a potion of magic {unknown}
 i - a potion of heal wounds
 j - a potion of brilliance {unknown}
 n - 4 potions of curing {unknown}
 o - a potion of invisibility {unknown}
 p - a potion of lignification {unknown}
Comestibles
 c - 8 rations


   Skills:
 + Level 4.0 Fighting
 * Level 3.5 Long Blades
 + Level 3.1 Armour
 - Level 0.8 Dodging
 + Level 3.2 Invocations


You had 4 spell levels left.
You didn't know any spells.
Your spell library was empty.

Dungeon Overview and Level Annotations

Branches:
Dungeon (4/15)
 Temple: D:4-7

Altars:
Qazlal


Innate Abilities, Weirdness & Mutations

You cannot be hasted, slowed, berserked, paralysed or teleported.
You can dig through walls and to a lower floor.
Your four strong arms can wield two-handed weapons with a shield.
You have a pair of large antennae on your head. (SInv)


Message History

The killer bee stings you.
* * * LOW HITPOINT WARNING * * *
The orc priest mumbles some strange prayers to Beogh against you.
Beogh smites you!
* * * LOW HITPOINT WARNING * * *
The killer bee closely misses you.
You riposte.
You hit the killer bee.
The killer bee is lightly wounded.
You begin to dig a shaft.
You continue digging a shaft.
The killer bee misses you. The killer bee stings you.
* * * LOW HITPOINT WARNING * * *
The killer bee closely misses you. x2; The killer bee stings you.
* * * LOW HITPOINT WARNING * * *
The killer bee stings you.
* * * LOW HITPOINT WARNING * * *
You are lethally poisoned!
The killer bee poisons you! The killer bee stings you.
* * * LOW HITPOINT WARNING * * *
You are more poisoned.
The killer bee poisons you! The killer bee stings you.
You die...

###+#####
#yy%y.y%%
+yy.y.y..
#@yyy.y..


#yyyo.yy. #yyyyy.%. #oyyc%y.. #%oo.y.%. ###+##### You could see a queen bee, a
centaur, 25 killer bees, 2 orc priests and 2 orcs.

Vanquished Creatures
  2 gnolls
  2 adders (D:2)
  An ooze (D:2)
  2 worms
  2 dart slugs
  A ball python (D:2)
  3 giant cockroaches
  6 goblins
  3 hobgoblins
  13 jackals
  3 quokkas
  14 bats
  3 frilled lizards
  9 kobolds
  11 rats
75 creatures vanquished.

Notes
Turn   | Place    | Note
-------+----------+-------------------------------------------
     0 | Abyss:1  | kidcy the Formicid Abyssal Knight began the quest for the
                  | Orb.
     0 | Abyss:1  | Reached XP level 1. HP: 18/18 MP: 2/2
    17 | Abyss:1  | Noticed a spiny frog skeleton
    46 | Abyss:1  | Noticed a large abomination
    71 | Abyss:1  | Noticed a raiju
    77 | Abyss:1  | Noticed a quasit
    82 | D:1      | Escaped the Abyss
   447 | D:1      | Reached * piety under Lugonu
   466 | D:1      | Reached XP level 2. HP: 14/24 MP: 3/3
  1271 | D:2      | Reached XP level 3. HP: 26/29 MP: 4/4
  1865 | D:2      | Reached XP level 4. HP: 36/36 MP: 6/6
  2174 | D:2      | Found a stormy altar of Qazlal.
  2208 | D:2      | Reached ** piety under Lugonu
  2860 | D:3      | Reached XP level 5. HP: 42/42 MP: 7/7
  2942 | D:3      | Reached skill level 4 in Fighting
  3508 | D:4      | You fall through a shaft for 2 floors!
  3529 | D:6      | Noticed an orc warrior
  3542 | D:6      | You fall through a shaft for 3 floors!
  3542 | D:9      | Noticed a queen bee
  3542 | D:9      | Noticed a centaur
  3544 | D:9      | HP: 2/42 [killer bee (4)]
  3544 | D:9      | Slain by a killer bee

Vault maps used:
D:1:      dpeg_arrival_shrine
D:2:      minmay_wonky_spiral, grunt_qazlal_sundering
D:3:      first_ration
D:4:      nemelex_xobeh_ov_fountains_minmay
D:6:      kennysheep_six_static_rooms, uniq_blork_the_orc, uniq_prince_ribbit1
D:9:      marbit_many_paths, david_orc_3, hangedman_fish_farm,
          hangedman_abyss_or_decor_slice

Skill      XL: |  1  2  3  4  5 |
---------------+----------------+-----
Long Blades    | 3 |  3.5
Invocations    | 3 |  3.2
Armour         | 3 |  3.1
Fighting       | 4 |  4.0
Dodging        | |  0.8

Action                   |  1- 3 |  4- 6 || total
-------------------------+-------+-------++-------
Melee: Falchion          |    95 |   127 ||   222
Invok: Depart the Abyss  |     1 |       ||     1
 Abil: Shaft Self        |       |     3 ||     3
       Dig               |       |     1 ||     1
  Use: Potion            |       |     1 ||     1
  Eat: Chunk             |     2 |     1 ||     3
       Ration            |     1 |     1 ||     2
Armor: Leather armour    |    52 |    44 ||    96
Dodge: Dodged            |    84 |   115 ||   199
       Rpst.: Falchion   |    31 |    31 ||    62

Table legend:
 A = Non-vault XP
 B = Vault XP
 C = Vault XP percentage of total XP
 D = Non-vault monster count
 E = Vault monster count
 F = Vault count percentage of total count
                 A         B        C        D         E       F
            +---------+---------+-------+---------+---------+-------
      Total |     162 |      21 |  11.5 |      70 |       5 |   6.7
            +---------+---------+-------+---------+---------+-------
        D:1 |      30 |       0 |   0.0 |      13 |       0 |   0.0
        D:2 |      78 |      21 |  21.2 |      36 |       5 |  12.2
        D:3 |      34 |       0 |   0.0 |      17 |       0 |   0.0
        D:4 |      20 |       0 |   0.0 |       4 |       0 |   0.0
            +---------+---------+-------+---------+---------+-------
